 Dungeon Crawl Stone Soup version 0.30-a0-329-g85436e0a43 (webtiles) character file.

Game seed: 9375867368817494984

79 koil the Grave Robber (level 4, 0/32 HPs)
             Began as a Demonspawn Necromancer on Oct 29, 2022.
             Slain by a phantom (4 damage)
             ... on level 3 of the Dungeon.
             The game lasted 00:06:44 (2118 turns).

koil the Grave Robber (Demonspawn Necromancer)      Turns: 2118, Time: 00:06:44

Health: 0/32       AC:  4    Str:  8    XL:     4   Next: 17%
Magic:  7/7        EV: 12    Int: 19    God:
Gold:   71         SH:  0    Dex: 13    Spells: 6/7 levels left

rFire   . . .      SeeInvis .    d - +0 dagger (drain)
rCold   . . .      Faith    .    (no shield)
rNeg    . . .      Spirit   .    s - +0 robe
rPois   .          Reflect  .    (helmet restricted)
rElec   .          Harm     .    (no cloak)
rCorr   .          Rampage  .    (no gloves)
Will    .....                    (no boots)
Stlth   ++........               (no amulet)
HPRegen 0.25/turn                (no ring)
MPRegen 0.10/turn                (no ring)

@: no status effects
A: antennae 1, molten scales 1
a: no special abilities


You were on level 3 of the Dungeon.
You visited 1 branch of the dungeon, and saw 3 of its levels.

You collected 71 gold pieces.

Inventory:

Hand Weapons
 d - a +0 dagger of draining (weapon)
 f - a +0 spear of venom
Missiles
 e - 5 poisoned darts
Armour
 a - a +0 robe
 n - a +0 robe
 o - a +0 robe
 s - a +0 robe (worn)
Scrolls
 c - 4 scrolls of fear {unknown}
 j - a scroll of butterflies {unknown}
 k - 2 scrolls of torment {unknown}
 m - a scroll of blinking {unknown}
 q - a scroll of teleportation {unknown}
 r - a scroll of magic mapping {unknown}
 t - 2 scrolls of identify {unknown}
 u - a scroll of amnesia {unknown}
Potions
 b - a potion of magic
 g - a potion of brilliance {unknown}
 h - 2 potions of might {unknown}
 i - a potion of flight {unknown}
 l - 3 potions of ambrosia {unknown}
 p - a potion of heal wounds {unknown}


   Skills:
 + Level 1.3 Fighting
 + Level 0.1 Short Blades
 + Level 2.2 Dodging
 + Level 2.3 Stealth
 - Level 1.2 Unarmed Combat
 + Level 2.4 Spellcasting
 + Level 4.7 Necromancy


You had 6 spell levels left.
You knew the following spells:

 Your Spells              Type           Power      Damage    Failure   Level
a - Necrotise             Necr           80%        1d8       2%          1

Your spell library contained the following spells:

 Spells                   Type           Power      Damage    Failure   Level
 Vampiric Draining        Necr           20%        2d7       7%          3
 Summon Small Mammal      Summ           8%         N/A       16%         1
 Animate Dead             Necr           20%        N/A       22%         4
 Call Canine Familiar     Summ           2%         N/A       43%         3
 Hailstorm                Conj/Ice       2%         3d3       43%         3
 Summon Guardian Golem    Hex/Summ       2%         N/A       43%         3
 Agony                    Necr           20%        N/A       54%         5
 Ice Form                 Ice/Tmut       2%         N/A       85%         4
 Simulacrum               Ice/Necr       5%         N/A       100%        6


Dungeon Overview and Level Annotations

Branches:
Dungeon (3/15)

Altars:


Innate Abilities, Weirdness & Mutations

You have a pair of small antennae on your head.
You are partially covered in molten scales. (AC +2)


Message History

The phantom hits you!
You are too injured to fight recklessly!
You are too injured to fight recklessly!
Casting: Necrotise (safe; 2% risk of failure)
Confirm with . or Enter, or press ? or * to list all spells.
You can't see any susceptible monsters within range! (Use Z to cast anyway.) Unknown command.
Unknown command.
Press: ? - help, v - describe, . - travel
Here: a phantom The floor, spattered with blood.
You hit the phantom.
The phantom is lightly damaged.
The phantom barely misses you.
You closely miss the phantom.
The phantom is lightly damaged.
The phantom hits you.
You hit the phantom.
The phantom is lightly damaged.
The phantom hits you but does no damage.
You hit the phantom but do no damage.
The phantom is lightly damaged.
The phantom hits you.
* * * LOW HITPOINT WARNING * * *
Casting: Necrotise (safe; 2% risk of failure)
Confirm with . or Enter, or press ? or * to list all spells.
You can't see any susceptible monsters within range! (Use Z to cast anyway.) Unknown command.
Unknown command.
The phantom attacks as you move away! The phantom closely misses you.
The phantom attacks as you move away! The phantom hits you.
* * * LOW HITPOINT WARNING * * *
The phantom attacks as you move away! The phantom hits you.
* * * LOW HITPOINT WARNING * * *
The phantom attacks as you move away!
The phantom hits you but does no damage.
The phantom attacks as you move away! The phantom hits you.
* * * LOW HITPOINT WARNING * * *
The phantom attacks as you move away! The phantom hits you.
You die...

.....##....####
.####......##
#. #.##.#.# #
#.##...#
#.##.#####
#....# #.#
####.# #.# #W#
#.. #@# #.# #.#
#)# #.# #.#
#.###<# #.....#
#.##### ###


You could see a phantom.

Vanquished Creatures
  3 adders
  6 bats (D:1)
  7 endoplasms
  3 giant cockroaches
  3 hobgoblins
  5 jackals
  5 kobolds (D:1)
  A quokka (D:1)
  3 ball pythons
  A frilled lizard (D:2)
  5 goblins
  3 rats
45 creatures vanquished.

Vanquished Creatures (collateral kills)
  A jackal (D:1)
1 creature vanquished.

Grand Total: 46 creatures vanquished

Notes
Turn   | Place    | Note
-------+----------+-------------------------------------------
     0 | D:1      | koil the Demonspawn Necromancer began the quest for the
                  | Orb.
     0 | D:1      | Reached XP level 1. HP: 13/13 MP: 3/3
   213 | D:1      | Gained mutation: You have a pair of small antennae on your
                  | head. [demonic ancestry]
   213 | D:1      | Reached XP level 2. HP: 20/20 MP: 1/5
   618 | D:1      | Gained mutation: You are partially covered in molten
                  | scales. (AC +2) [demonic ancestry]
   618 | D:1      | Reached XP level 3. HP: 11/25 MP: 2/6
  1179 | D:2      | Reached skill level 1 in Fighting
  1436 | D:2      | Reached skill level 1 in Unarmed Combat
  1735 | D:2      | Reached XP level 4. HP: 32/32 MP: 7/7
  2081 | D:3      | Noticed a phantom
  2118 | D:3      | Slain by a phantom

Illustrated notes

Levels and vault maps discovered:
D:1:      mrwooster_arrival_arrow, layout_loops_cross
D:2:      layout_loops_ring, minmay_stone_trees_medium, minmay_tetromino_i2
D:3:      layout_basic, fedhas_altar_1

Skill      XL: |  1  2  3 |
---------------+----------+-----
Stealth        | 2 |  2.3
Dodging        | 2 |  2.2
Fighting       | 1 |  1.3
Unarmed Combat | 1 |  1.2
Short Blades   | |  0.1
Spellcasting   | |  2.4
Necromancy     | |  4.7

Action                   |  1- 3 |  4- 6 || total
-------------------------+-------+-------++-------
Melee: Unarmed           |     6 |       ||     6
       Dagger            |    80 |    23 ||   103
       Punch             |     3 |       ||     3
 Cast: Necrotise         |    46 |       ||    46
 Stab: Sleeping          |     4 |       ||     4
Armor: Robe              |    29 |     5 ||    34
Dodge: Dodged            |    83 |     9 ||    92

Table legend: (Time is in decaauts)
 A = Elapsed time spent in this place.
 B = Non-inter-level travel time spent in this place.
 C = Inter-level travel time spent in this place.
 D = Time resting spent in this place.
 E = Time spent auto-exploring this place.
 F = Levels seen in this place.
 G = Mean time per level.
                   A        B        C        D        E       F      G
               +--------+--------+--------+--------+--------+-----+--------+
         Total |   2117 |   2024 |     93 |      0 |   1589 |   3 |  705.7 |
       Dungeon |   2117 |   2024 |     93 |      0 |   1589 |   3 |  705.7 |
               +--------+--------+--------+--------+--------+-----+--------+

Top non-repeatable levels by time:
     D:1: 1126 daAuts
     D:2: 868 daAuts
     D:3: 121 daAuts
